 Dungeon Crawl Stone Soup version 0.19-a0-1587-gaef70b6 (webtiles) character file.

204 dvd the Stinger (level 5, -4/31 HPs)
             Began as an Octopode Venom Mage on Sept 16, 2016.
             Slain by Grinder (5 damage)
             ... on level 3 of the Dungeon.
             The game lasted 00:10:07 (2937 turns).

dvd the Stinger (Octopode Venom Mage)               Turns: 2937, Time: 00:10:12

Health: -4/31      AC:  1    Str:  8    XL:     5   Next: 82%
Magic:  8/8        EV: 13    Int: 18    God:
Gold:   150        SH:  5    Dex: 12    Spells: 2 memorised, 4 levels left

rFire  + . .     SeeInvis .     a - +3 falchion (holy)
rCold  x . .     Gourm    .     j - +2 buckler
rNeg   . . .     Faith    .     (helmet restricted)
rPois  +         Spirit   .     s - amulet of rage
rElec  .         Dismiss  .     c - ring of fire
rCorr  .         Reflect  .     m - ring of poison resistance
MR     .....     Harm     .     (no ring)
Stlth  ++++......               (no ring)
                                (no ring)
                                (no ring)
                                (no ring)
                                (no ring)

@: no status effects
A: almost no armour, stealthy swim, amphibious, 8 rings, constrict 8, camouflage
1, gelatinous body 1
a: Evoke Berserk Rage


You were on level 3 of the Dungeon.
You were not hungry.

You visited 1 branch of the dungeon, and saw 3 of its levels.

You collected 150 gold pieces.

Inventory:

Hand Weapons
 a - a +3 falchion of holy wrath (weapon)
 h - a +1 dagger of holy wrath
 B - a +1 dagger of venom
Missiles
 o - 4 javelins (quivered)
Armour
 j - a +2 buckler (worn)
Jewellery
 c - a ring of fire (left tentacle)
 m - a ring of poison resistance (right tentacle)
 s - an amulet of rage (around mantle)
Scrolls
 e - 2 scrolls of teleportation {unknown}
 g - a scroll of magic mapping {unknown}
 i - 2 scrolls of remove curse
 q - 2 scrolls of fog {unknown}
 u - 3 scrolls of identify {unknown}
 v - a scroll of fear {unknown}
 y - a scroll of random uselessness {unknown}
Potions
 f - 5 potions of curing {unknown}
 k - a potion of haste {unknown}
 l - 2 potions of flight {unknown}
 n - 2 potions of ambrosia {unknown}
 p - 2 potions of lignification {unknown}
 r - a potion of might {unknown}
 w - a potion of magic {unknown}
 C - a potion of mutation {unknown}
 E - a potion of cancellation {unknown}
Books
 t - a Young Poisoner's Handbook

   Spells                             Type                      Level
   a - Sting                          Conjuration/Poison           1
   b - Mephitic Cloud                 Conjuration/Poison/Air       3
   c - Olgreb's Toxic Radiance        Poison                       4
   d - Alistair's Intoxication        Transmutation/Poison         5
   e - Venom Bolt                     Conjuration/Poison           5
Comestibles
 b - 3 bread rations
 d - 5 meat rations
 x - a slice of pizza
 z - a beef jerky
 A - 5 chunks of flesh
 D - 2 fruits


   Skills:
 + Level 0.2 Fighting
 + Level 0.2(0.4) Short Blades
 + Level 0.6 Long Blades
 + Level 2.3 Dodging
 + Level 4.9 Stealth
 + Level 0.2 Shields
 + Level 2.5 Spellcasting
 + Level 1.6 Conjurations
 + Level 6.2 Poison Magic


You had 4 spell levels left.
You knew the following spells:

 Your Spells              Type           Power        Failure   Level  Hunger
a - Sting                 Conj/Pois      ###.         6%          1    #......
b - Olgreb's Toxic Radia  Pois           ###.....     24%         4    #####..


Dungeon Overview and Level Annotations

Branches:
Dungeon (3/15)

Altars:
Dithmenos

Annotations:
D:3 Grinder


Innate Abilities, Weirdness & Mutations

You cannot wear most types of armour.
You are very stealthy in the water.
You are amphibious.
You can wear up to eight rings at the same time.
You can use your tentacles to constrict eight enemies at once.
Your skin changes colour to match your surroundings (Stealth+).
Your rubbery body absorbs attacks. (AC +1, EV +1)


Message History

You suddenly lose the ability to move!
Grinder blinks!
Grinder gestures at you. Pain shoots through your body!
Grinder gestures at you. Pain shoots through your body!
You can move again.
Unknown command.
Okay, then.
Unknown command.
Grinder gestures at you.
You barely resist. You hit Grinder.
Grinder convulses.
Your grab misses Grinder.
Grinder is lightly wounded.
Grinder hits you.
You writhe in agony.
* * * LOW HITPOINT WARNING * * *
Grinder hits you!
* * * LOW HITPOINT WARNING * * *
You writhe in agony.
You die...

#<........# ####### #.
#.........# ###.....##########.
..........#####..................
#...........[.........#########..
.....................######......
....##..###......................
.....#.............#######..###..
......##.##........#####...## #..
..##.....##....5@.........## #..
.####.....#..........###..# #.#
..#####..................## #.#
...####...###....##..###.# #.#
#....###............##...######.#
#......##...#......##..#.........
.................................
..####..#..##......#..###........
#...##.....##......#..# ##.......


You could see Grinder.

Vanquished Creatures
  Jessica (D:2)
  Ijyb (D:2)
  Terence (D:2)
  3 adders
  2 oozes (D:1)
  A worm (D:3)
  3 dart slugs
  An orc (D:3)
  A ball python (D:3)
  11 bats
  4 giant cockroaches
  9 goblins
  6 hobgoblins
  9 jackals
  2 quokkas
  5 frilled lizards
  12 kobolds
  10 rats
82 creatures vanquished.

Notes
Turn   | Place    | Note
-------+----------+-------------------------------------------
     0 | D:1      | dvd the Octopode Venom Mage began the quest for the Orb.
     0 | D:1      | Reached XP level 1. HP: 11/11 MP: 3/3
    50 | D:1      | Reached skill level 5 in Poison Magic
   120 | D:1      | Reached XP level 2. HP: 17/17 MP: 5/5
   662 | D:1      | Reached XP level 3. HP: 18/21 MP: 6/6
  1106 | D:2      | Noticed Jessica
  1110 | D:2      | Killed Jessica
  1110 | D:2      | Reached skill level 1 in Conjurations
  1110 | D:2      | Reached XP level 4. HP: 20/27 MP: 4/7
  1116 | D:2      | Learned a level 4 spell: Olgreb's Toxic Radiance
  1354 | D:2      | Noticed Terence
  1364 | D:2      | Killed Terence
  1502 | D:2      | Found a shadowy altar of Dithmenos.
  1510 | D:2      | Reached skill level 6 in Poison Magic
  1861 | D:2      | Noticed Ijyb
  1863 | D:2      | Reached XP level 5. HP: 31/31 MP: 3/8
  1868 | D:2      | Killed Ijyb
  2537 | D:3      | Noticed Grinder
  2927 | D:3      | Paralysed by Grinder for 7 turns
  2937 | D:3      | HP: 1/31 [Grinder (8)]
  2937 | D:3      | Slain by Grinder

Vault maps used:
D:1:      eino_arrival_cavern_a, hex_tiny, minmay_pentomino_w2
D:2:      kennysheep_goblin_castle, grunt_dithmenos_smoke, uniq_jessica,
          uniq_terence
D:3:      gammafunk_temple_overflow_pools, uniq_grinder

Skill      XL: |  1  2  3  4  5 |
---------------+----------------+-----
Poison Magic   | 5 6 |  6.2
Stealth        | 3 4 |  4.9
Conjurations   | 1 |  1.6
Fighting       | |  0.2
Short Blades   | |  0.2
Long Blades    | |  0.6
Dodging        | |  2.3
Shields        | |  0.2
Spellcasting   | |  2.5

Action                   |  1- 3 |  4- 6 || total
-------------------------+-------+-------++-------
Melee: Dagger            |    21 |     9 ||    30
       Tentacles         |     5 |     9 ||    14
       Constrict         |     5 |    14 ||    19
       Falchion          |       |    47 ||    47
 Cast: Sting             |    32 |    37 ||    69
       Olgreb's Toxic Ra |       |     9 ||     9
  Use: Scroll            |       |     1 ||     1
 Stab: Sleeping          |     7 |     9 ||    16
  Eat: Chunk             |     1 |     8 ||     9
Armor: Skin              |       |     2 ||     2
Dodge: Dodged            |     7 |    24 ||    31
Block: Buckler           |     1 |    10 ||    11
